 Dungeon Crawl Stone Soup version 0.28-a0-1382-g92835e5c71 (webtiles) character file.

Game seed: 12935818724856883235

5454 avis the Martial Artist (level 10, -5/66 HPs)
             Began as an Octopode Transmuter on Jan 1, 2022.
             Was an Initiate of Gozag.
             Killed from afar by a steam dragon (18 damage)
             ... with a ball of steam
             ... on level 8 of the Dungeon on Jan 2, 2022.
             The game lasted 01:06:01 (9478 turns).

avis the Martial Artist (Octopode Transmuter)       Turns: 9478, Time: 01:06:01

Health: -5/66      AC:  2    Str: 13    XL:     10   Next: 68%
Magic:  16/16      EV: 23    Int: 16    God:    Gozag
Gold:   2334       SH:  0    Dex: 18    Spells: 9/17 levels left

rFire   . . .      SeeInvis .     - Unarmed
rCold   . . .      Faith    .   (shield currently unavailable)
rNeg    + . .      Spirit   .   (helmet currently unavailable)
rPois   x          Reflect  .   C - amulet of regeneration
rElec   .          Harm     .   e - ring of positive energy
rCorr   .          Rampage  .   (no ring)
Will    .....                   (no ring)
Stlth   ++........              (no ring)
HPRegen 1.01/turn               (no ring)
MPRegen 0.15/turn               (no ring)
                                (no ring)
                                (no ring)

@: lethally poisoned (-5 -> -5), spider-form (expiring)
A: venomous fangs, almost no armour, (amphibious), 8 rings, tiny, (camouflage
1), (gelatinous body 1), (nimble swimmer 1), (tentacles)
a: End Transformation, Renounce Religion, Potion Petition, Call Merchant, Bribe
Branch


You were on level 8 of the Dungeon.
You worshipped Gozag.
Gozag was most pleased with you.
You were a venomous arachnid creature.
You visited 2 branches of the dungeon, and saw 9 of its levels.
You also visited: Bailey.

You collected 2352 gold pieces.
You paid 18 gold pieces to Gozag.

Inventory:

Hand Weapons
 j - a +0 hunting sling
 K - a +0 scimitar of flaming
Missiles
 a - 14 arrows
 f - 30 sling bullets
 g - 176 stones
 k - 21 bolts
 q - 4 boomerangs of dispersal
 z - 17 boomerangs
 F - 18 poisoned darts
Magical Staves
 i - a staff of air
Jewellery
 d - a ring of flight
 e - a ring of positive energy (left front leg)
 C - an amulet of regeneration (around neck)
Wands
 G - a wand of polymorph (6)
 J - a wand of digging (4)
Scrolls
 b - a scroll of fear
 A - a scroll of teleportation
Potions
 c - 3 potions of lignification
 h - 4 potions of flight
 m - a potion of ambrosia
 t - 2 potions of curing
 x - a potion of berserk rage {unknown}


   Skills:
 - Level 5.0 Fighting
 - Level 6.0 Dodging
 - Level 3.0 Stealth
 * Level 10.5 Unarmed Combat
 - Level 4.0 Spellcasting
 - Level 7.0 Transmutations
 - Level 4.0 Ice Magic
 - Level 2.0 Poison Magic


You had 9 spell levels left.
You knew the following spells:

 Your Spells              Type           Power      Damage    Failure   Level
a - Beastly Appendage     Tmut           50%        N/A       4%          1
p - Spider Form           Tmut/Pois      17%        N/A       21%         3
q - Ice Form              Ice/Tmut       20%        N/A       36%         4

Your spell library contained the following spells:

 Spells                   Type           Power      Damage    Failure   Level
 Wereblood                Tmut           25%        N/A       6%          2


Dungeon Overview and Level Annotations

Branches:
Dungeon (8/15)             Temple (1/1) D:7          Bailey (visited)
   Lair: D:8-11

Altars:
Dithmenos
Elyvilon
Gozag
The Shining One


Innate Abilities, Weirdness & Mutations

You are a venomous arachnid creature.
You have poisonous fangs.
You are tiny and dextrous.
Your spellcasting is less reliable in this form.
Your armour is entirely melded.
You are incapable of wielding weapons or throwing items.
You cannot wear most types of armour.
((You are amphibious.))
You can wear up to eight rings at the same time.
((Your skin changes colour to match your surroundings (Stealth+).))
((Your rubbery body absorbs attacks. (AC +1, EV +1)))
((You are camouflaged when in or above water. (Stealth+)))
((You have tentacles for arms and can constrict up to eight enemies at once.))


Message History

You hit the steam dragon but do no damage.
The steam dragon is poisoned.
You are engulfed in a cloud of scalding steam.
The gnoll is distracted by your dazzling golden aura.
You barely miss the steam dragon.
The steam dragon is lightly wounded.
The gnoll shouts!
The steam dragon barely misses you. The steam dragon completely misses you.
You bite the steam dragon!
The steam dragon looks even sicker.
The steam dragon is moderately wounded.
The steam dragon misses you. x2; The killer bee completely misses you.
You hit the killer bee.
The killer bee is poisoned.
The killer bee is moderately wounded.
The gnoll is no longer distracted by gold.
The killer bee stings you!
You are poisoned.
The killer bee poisons you! The gnoll misses you.
The steam dragon completely misses you. The steam dragon claws you.
You bite the killer bee!
You kill the killer bee!
You feel very sick. The gnoll hits you with a +0 whip.
The steam dragon misses you. The steam dragon closely misses you.
Your transformation is almost over.
You feel very sick. The steam dragon breathes steam at you.
The ball of steam hits the gnoll!!
The gnoll dies!
The ball of steam hits you!
* * * LOW HITPOINT WARNING * * *
You see here 7 gold pieces.
You feel sick.
You feel sick.
You feel sick.
You feel sick.
You feel sick. The steam dragon breathes steam at you.
The ball of steam hits you!!
You die...
Your body crumbles into a pile of gold.

..............##.#..#
.............###....#
.##...........##...##
..............##...#
>...........#.##...#
.....#.#....#.##...#
##..#.#.#'##......#
...........#
...#####s..# . #§..#
##)######§..######
.........D........
#.....$......##..
#.....##g##.......
#.... #$##.####..
#... #........ .
#...............


There were no monsters in sight!

Vanquished Creatures
  2 orc knights (Bailey)
  Maggie (D:6)
  Sigmund (D:6)
  A wyvern (D:8)
  Duvessa (D:6)
  A water moccasin (D:8)
  10 orc warriors
  2 ice beasts (D:5)
  3 sky beasts
  A black bear (D:5)
  A necrophage (D:4)
  3 ogres
  A centaur (D:8)
  3 phantoms (D:4)
  A bullfrog (D:7)
  A kobold brigand (D:7)
  A scorpion (D:4)
  6 killer bees (D:8)
  Dowan (D:5)
  A howler monkey (D:7)
  2 bullfrog zombies (D:6)
  A centaur zombie (D:8)
  7 orc priests
  4 hounds
  A jelly (D:6)
  A gnoll shaman (D:8)
  3 orc wizards
  An iguana (D:7)
  A hound skeleton (D:5)
  Robin (D:4)
  A howler monkey zombie (D:6)
  2 howler monkey skeletons
  8 adders
  9 gnolls
  2 ufetubi
  2 worms
  3 dart slugs
  36 orcs
  7 endoplasms
  4 giant cockroaches
  13 hobgoblins
  5 jackals
  3 quokkas
  11 ball pythons
  5 bats
  2 frilled lizards
  19 goblins
  26 kobolds
  7 rats
229 creatures vanquished.

Vanquished Creatures (collateral kills)
  A centaur (D:7)
  A killer bee zombie (D:7)
2 creatures vanquished.

Vanquished Creatures (others)
  2 gnolls (D:8)
  7 toadstools (D:8)
9 creatures vanquished.

Grand Total: 240 creatures vanquished

Notes
Turn   | Place    | Note
-------+----------+-------------------------------------------
     0 | D:1      | avis the Octopode Transmuter began the quest for the Orb.
     0 | D:1      | Reached XP level 1. HP: 13/13 MP: 3/3
    80 | D:1      | You fall into a shaft and drop 1 floor!
   116 | D:1      | Reached skill level 1 in Stealth
   229 | D:1      | Reached XP level 2. HP: 16/19 MP: 3/5
   608 | D:1      | Reached skill level 1 in Poison Magic
   674 | D:1      | Reached XP level 3. HP: 24/24 MP: 4/6
   692 | D:1      | Learned a level 3 spell: Spider Form
  2010 | D:2      | Reached XP level 4. HP: 30/30 MP: 1/7
  2891 | D:3      | Reached XP level 5. HP: 29/36 MP: 3/8
  3246 | D:3      | Reached skill level 4 in Unarmed Combat
  3956 | D:4      | Noticed Robin
  4172 | D:4      | Killed Robin
  4282 | D:4      | Learned a level 4 spell: Ice Form
  4348 | D:4      | Noticed an ogre
  4375 | D:4      | Killed an ogre
  4376 | D:4      | Reached skill level 5 in Unarmed Combat
  4376 | D:4      | Reached XP level 6. HP: 42/42 MP: 6/9
  4820 | D:4      | Reached XP level 7. HP: 38/46 MP: 7/11
  4946 | D:4      | Reached skill level 1 in Ice Magic
  5691 | D:4      | Found an opulent altar of Gozag.
  5695 | D:4      | Became a worshipper of Gozag Ym Sagoz the Greedy
  5701 | D:4      | Found a white marble altar of Elyvilon.
  5704 | D:4      | Found a shadowy altar of Dithmenos.
  5707 | D:4      | Found a glowing golden altar of the Shining One.
  5828 | D:5      | Entered Level 5 of the Dungeon
  5924 | D:4      | Reached XP level 8. HP: 31/52 MP: 3/12
  6080 | D:5      | Reached skill level 6 in Unarmed Combat
  6503 | D:5      | Reached skill level 7 in Unarmed Combat
  6704 | D:6      | Noticed Duvessa
  6704 | D:6      | Noticed Dowan
  6704 | D:6      | Noticed Sigmund
  7001 | D:6      | Killed Duvessa
  7009 | D:5      | Killed Dowan
  7097 | D:6      | Killed Sigmund
  7098 | D:6      | Reached skill level 5 in Transmutations
  7098 | D:6      | Reached XP level 9. HP: 32/59 MP: 8/15
  7299 | D:6      | Reached skill level 5 in Fighting
  7306 | D:6      | Noticed Maggie
  7394 | D:6      | Killed Maggie
  7466 | D:7      | Reached skill level 5 in Dodging
  7479 | D:7      | Found a flagged portal.
  7489 | Bailey   | Entered a bailey
  7519 | Bailey   | Noticed an orc knight
  7647 | Bailey   | Noticed an orc knight
  7764 | Bailey   | Killed an orc knight
  7765 | Bailey   | Reached skill level 8 in Unarmed Combat
  7987 | Bailey   | Killed an orc knight
  7988 | Bailey   | Reached skill level 9 in Unarmed Combat
  7988 | Bailey   | Reached XP level 10. HP: 42/66 MP: 16/16
  8621 | D:7      | Found a staircase to the Ecumenical Temple.
  8645 | Temple   | Entered the Ecumenical Temple
  9297 | D:8      | Reached skill level 10 in Unarmed Combat
  9478 | D:8      | Killed from afar by a steam dragon

Illustrated notes

Levels and vault maps discovered:
D:1:      sevenhm_arrival_forest_fort_large_2, layout_loops_corners,
          nicolae_concentric_dashed_squares_mild, roderic_serpentine_path,
          kennysheep_nondescript, grunt_decor_cap, minmay_tiny_reverse_x
D:2:      layout_basic
D:3:      layout_loops_ring, serial_park_tiny_2
D:4:      minmay_razor_zed, layout_cave_pools, grunt_temple_overflow_cloverleaf,
          minmay_misc_feat_more_columns, uniq_robin
D:5:      layout_rooms
D:6:      layout_rooms, uniq_duvessa, uniq_maggie, uniq_sigmund
D:7:      layout_rooms, minmay_temple_entry_tees, enter_bailey_2,
          serial_park_tiny_1
D:8:      cheibrodos_fertilizer, layout_basic
Temple:   mainiacjoe_temple_coin_purse

Skill      XL: |  1  2  3  4  5  6  7  8  9 10 |
---------------+-------------------------------+-----
Stealth        | 1 2 3 |  3.0
Fighting       | 2 3 4 5 |  5.0
Poison Magic   | 1 2 |  2.0
Transmutations | 3 4 5 7 |  7.0
Unarmed Combat | 5 7 9 10 | 10.5
Dodging        | 3 5 6 |  6.0
Spellcasting   | 3 4 |  4.0
Ice Magic      | 4 |  4.0

Action                   |  1- 3 |  4- 6 |  7- 9 | 10-12 || total
-------------------------+-------+-------+-------+-------++-------
Melee: Unarmed           |    84 |   168 |   275 |   157 ||   684
       Kick              |    13 |     2 |     1 |       ||    16
       Constrict         |    14 |     2 |     2 |       ||    18
       Tentacles         |     8 |       |     2 |       ||    10
       Punch             |       |     1 |     1 |       ||     2
 Cast: Beastly Appendage |    23 |     3 |     2 |     1 ||    29
       Spider Form       |     6 |    37 |    38 |    11 ||    92
       Ice Form          |       |       |     6 |     6 ||    12
  Use: Potion            |       |     3 |       |     1 ||     4
       Scroll            |       |       |    13 |     2 ||    15
 Stab: Sleeping          |     9 |     4 |     4 |       ||    17
       Distracted        |       |       |       |     2 ||     2
Armor: Skin              |     3 |     8 |    21 |    28 ||    60
Dodge: Dodged            |    44 |   135 |   207 |   117 ||   503

Table legend: (Time is in decaauts)
 A = Elapsed time spent in this place.
 B = Non-inter-level travel time spent in this place.
 C = Inter-level travel time spent in this place.
 D = Time resting spent in this place.
 E = Time spent auto-exploring this place.
 F = Levels seen in this place.
 G = Mean time per level.
                   A        B        C        D        E       F      G
               +--------+--------+--------+--------+--------+-----+--------+
         Total |   9428 |   8813 |    615 |   2721 |   2860 |  10 |  942.8 |
       Dungeon |   8669 |   8055 |    614 |   2516 |   2853 |   8 | 1083.6 |
        Temple |     83 |     82 |      1 |     56 |      0 |   1 |   83.0 |
        Bailey |    675 |    675 |      0 |    149 |      7 |   1 |  675.0 |
               +--------+--------+--------+--------+--------+-----+--------+

Top non-repeatable levels by time:
     D:4: 1961 daAuts
     D:1: 1652 daAuts
     D:3: 1620 daAuts
     D:2: 879 daAuts
     D:7: 870 daAuts
     D:5: 676 daAuts
  Bailey: 675 daAuts
     D:6: 620 daAuts
     D:8: 390 daAuts
  Temple: 83 daAuts
